 Dungeon Crawl Stone Soup version 0.29-a0-369-gd956c00756 (webtiles) character file.

Game seed: 15330230614225919561

61 holysushi the Cutter (level 4, -9/37 (43) HPs)
             Began as a Kobold Monk on May 1, 2022.
             Mangled by a wight
             ... wielding a +4 war axe
              (11 damage)
             ... on level 2 of the Dungeon.
             The game lasted 00:01:53 (1499 turns).

holysushi the Cutter (Kobold Monk)                  Turns: 1499, Time: 00:01:54

HP:   -9/37 (43)    AC:  2    Str:  8    XL:     4   Next: 27%
MP:   4/4           EV: 16    Int: 11    God:
Gold: 114           SH:  0    Dex: 19    Spells: 3/3 levels left

rFire   . . .      SeeInvis .   a - +0 short sword
rCold   . . .      Faith    .   (no shield)
rNeg    . . .      Spirit   .   b - +0 robe
rPois   .          Reflect  .   (no helmet)
rElec   .          Harm     .   (no cloak)
rCorr   .          Rampage  .   (no gloves)
Will    .....                   (no boots)
Stlth   ..........              (no amulet)
HPRegen 0.12/turn               (no ring)
MPRegen 0.09/turn               (no ring)

@: brilliant, berserking, attractive, heavily drained, very quick
A: small, no large weapons, nightstalker 3
a: no special abilities


You were on level 2 of the Dungeon.
You visited 1 branch of the dungeon, and saw 3 of its levels.

You collected 114 gold pieces.

Inventory:

Hand Weapons
 a - a +0 short sword (weapon)
Armour
 b - a +0 robe (worn)
Jewellery
 f - a ring of willpower
Scrolls
 c - a scroll of blinking {unknown}
 g - 2 scrolls of teleportation {unknown}
 i - a scroll of fear {unknown}
 j - 2 scrolls of identify {unknown}
Potions
 d - a potion of brilliance
 k - a potion of flight {unknown}
 l - a potion of invisibility {unknown}


   Skills:
 + Level 4.0 Fighting
 * Level 5.7 Short Blades
 - Level 3.6 Dodging
 - Level 2.6 Stealth


You had 3 spell levels left.
You didn't know any spells.
Your spell library contained the following spells:

 Spells                   Type           Power      Damage    Failure   Level
 Ensorcelled Hibernation  Hex/Ice        0%         N/A       47%         2
 Passwall                 Tmut/Erth      0%         N/A       47%         2
 Swiftness                Air            0%         N/A       71%         3


Dungeon Overview and Level Annotations

Branches:
Dungeon (3/15)

Altars:

Shops:
D:2 [


Innate Abilities, Weirdness & Mutations

You are small and have problems with some larger weapons.
You are completely attuned to the shadows.


Message History

Found a scroll labelled ESUANW BOKHUYZ.
Found a stone staircase leading down.
There is a stone staircase leading up here.
A wight comes into view. It is wielding a +4 war axe.
Found a stone staircase leading up.
A wight is nearby!
A wight is nearby!
A wight comes into view. It is wielding a +5 halberd.
You see here a scroll labelled ESUANW BOKHUYZ.
There are monsters nearby! 2 wights come into view.
Found a throwing net.
The wight closely misses you.
There are monsters nearby!
A wight comes into view.
It is wielding a +3 dire flail of freezing.
The wight hits you with a +5 halberd!
You feel drained. The wight attacks as you move away!
The wight hits you with a +4 war axe. The wight barely misses you.
Unknown command.
The wight attacks as you move away! The wight completely misses you.
The wight attacks as you move away! The wight barely misses you.
The wight attacks as you move away! The wight barely misses you.
There is a stone staircase leading up here.
The wight hits you from afar with a +5 halberd.
* * * LOW HITPOINT WARNING * * *
You climb upwards.
There is a stone staircase leading down here.
It was a potion of brilliance.
You feel clever all of a sudden. The wight misses you.
It was a potion of attraction.
You feel attractive to monsters. The wight closely misses you.
It was a potion of berserk rage.
A red film seems to cover your vision as you go berserk!
You feel yourself moving faster!
You feel mighty! The wight hits you with a +4 war axe.
* * * LOW HITPOINT WARNING * * *
You feel drained.
You closely miss the wight. You barely miss the wight.
The wight hits you with a +4 war axe!
You die...

####.# ######....#
#.<.....#.#
######.<#.#
########### #.####
#.........###..^_#
###.....###.....####
...........#######.#
...............z@#.#
........##..####.#.###
........###.## #[#...#
........# #..# #.###.#
........# ##.###.# #.#
........# #..##.# #.#
........#####.##.# #.#
...........##.##.# #.#
...............#.# #.#


You could see a wight.

Vanquished Creatures
  An adder (D:2)
  A worm (D:2)
  A dart slug (D:1)
  3 bats (D:1)
  5 endoplasms
  A giant cockroach (D:2)
  4 goblins
  6 hobgoblins
  4 jackals (D:2)
  4 kobolds
  2 quokkas
  4 ball pythons
  2 frilled lizards (D:2)
  5 rats (D:1)
43 creatures vanquished.

Notes
Turn   | Place    | Note
-------+----------+-------------------------------------------
     0 | D:1      | holysushi the Kobold Monk began the quest for the Orb.
     0 | D:1      | Reached XP level 1. HP: 14/14 MP: 1/1
    91 | D:1      | Reached XP level 2. HP: 17/19 MP: 2/2
   387 | D:1      | Reached XP level 3. HP: 24/24 MP: 3/3
   396 | D:1      | Reached skill level 5 in Short Blades
   826 | D:2      | Found a faded altar of an unknown god.
  1029 | D:2      | Reached XP level 4. HP: 20/29 MP: 4/4
  1061 | D:2      | Found Jecav's Armour Shop.
  1484 | D:3      | Noticed a wight
  1485 | D:3      | Noticed a wight
  1486 | D:3      | Noticed a wight
  1486 | D:3      | Noticed a wight
  1487 | D:3      | Noticed a wight
  1497 | D:2      | HP: 2/40 [wight/+4 war axe (5)]
  1499 | D:2      | Mangled by a wight

Illustrated notes

Levels and vault maps discovered:
D:1:      nzn_arrival_settlement, layout_rooms
D:2:      layout_basic, serial_shops, shop_fountains,
          hellmonk_ecumenical_altar_leap_of_faith
D:3:      layout_rooms, trog_book, serial_shops, shop, nicolae_wormholes,
          uniq_grinder, uniq_sigmund

Skill      XL: |  1  2  3  4 |
---------------+-------------+-----
Short Blades   | 5 |  5.7
Fighting       | 4 |  4.0
Dodging        | |  3.6
Stealth        | |  2.6

Action                   |  1- 3 |  4- 6 || total
-------------------------+-------+-------++-------
Melee: Short sword       |   110 |    22 ||   132
       Punch             |     1 |       ||     1
  Use: Potion            |     1 |     3 ||     4
 Stab: Sleeping          |     9 |     1 ||    10
Armor: Robe              |    16 |     1 ||    17
Dodge: Dodged            |    69 |    28 ||    97

Table legend: (Time is in decaauts)
 A = Elapsed time spent in this place.
 B = Non-inter-level travel time spent in this place.
 C = Inter-level travel time spent in this place.
 D = Time resting spent in this place.
 E = Time spent auto-exploring this place.
 F = Levels seen in this place.
 G = Mean time per level.
                   A        B        C        D        E       F      G
               +--------+--------+--------+--------+--------+-----+--------+
         Total |   1478 |   1428 |     50 |    163 |    956 |   3 |  492.7 |
       Dungeon |   1478 |   1428 |     50 |    163 |    956 |   3 |  492.7 |
               +--------+--------+--------+--------+--------+-----+--------+

Top non-repeatable levels by time:
     D:1: 802 daAuts
     D:2: 664 daAuts
     D:3: 11 daAuts
